 Dungeon Crawl Stone Soup version 0.16-a0-783-gf476f6a (webtiles) character file.

12625 PolkaDot the Summoner (level 11, -22/80 HPs)
             Began as a Vampire Summoner on Sept 25, 2014.
             Was the Champion of Sif Muna.
             Killed from afar by a white draconian (38 damage)
             ... with a chilling blast
             ... in an ice cave on Sept 26, 2014.
             The game lasted 01:23:02 (11491 turns).

PolkaDot the Summoner (Vampire Summoner)           Turns: 11491, Time: 01:23:02

HP -22/80        AC 15     Str  8      XL: 11   Next: 64%
MP   7/23        EV 10     Int 20      God: Sif Muna [******]
Gold 597         SH  0     Dex 14      Spells:  4 memorised,  2 levels left

rFire  . . .     SeeInvis +     Q - staff of summoning
rCold  . . .     Clarity  +     x - +3 leather armour of Inaction {+Inv rElec Str+1}
rNeg   . . .     rCorr    .     (no shield)
rPois  .         rRot     .     E - +1 hat
rElec  +         Spirit   .     (no cloak)
SustAb .         Warding  +     I - +2 pair of gloves
rMut   .         Stasis   .     (no boots)
Gourm  .                        J - amulet of clarity
MR     +....                    (no ring)
                                s - +5 ring of protection

@: regenerating quickly, somewhat resistant to hostile enchantments, unstealthy
A: bottle blood, fangs 3, see invisible, unbreathing
a: Bottle Blood, Channel Energy, Forget Spell, Renounce Religion, Evoke
Invisibility


You were in an ice cave.
You worshipped Sif Muna.
Sif Muna was exalted by your worship.
You were full.

You visited 3 branches of the dungeon, and saw 13 of its levels.
You also visited: Labyrinth and Ice Cave.

You collected 597 gold pieces.

Inventory:

Hand weapons
 d - a +2 scimitar of electrocution
Armour
 x - the +3 leather armour of Inaction (worn) {+Inv rElec Str+1}
   (You found it on level 6 of the Dungeon)

   It affects your strength (+1).
   It insulates you from electricity.
   It lets you turn invisible.
 E - a +1 hat (worn)
 I - a +2 pair of gloves (worn)
Magical devices
 b - a wand of flame (8)
 h - a wand of random effects (15) {unknown}
 i - a wand of slowing (2)
 p - a wand of flame (5)
 y - a wand of confusion (18)
 D - a wand of frost (8)
 F - a wand of flame (15)
 G - a wand of disintegration (15) {unknown}
 H - a wand of fire (1)
 N - a wand of enslavement (15) {unknown}
 O - a wand of lightning (8) {unknown}
Scrolls
 e - 2 scrolls of remove curse
 f - 2 scrolls of recharging
 k - 2 scrolls of enchant weapon
 n - a scroll of identify
 o - a scroll of magic mapping
 w - a scroll of vulnerability
 A - a scroll of summoning
 B - 2 scrolls of teleportation
Jewellery
 c - an uncursed ring of sustain abilities
 s - a +5 ring of protection (left hand)
 J - an amulet of clarity (around neck)
Potions
 a - 2 potions of haste
 M - a potion of restore abilities
Books
 g - a book of Enchantments

   Spells                             Type                      Level
   Tukima's Dance                     Hexes                        3
   Cause Fear                         Hexes                        4
   Silence                            Hexes/Air                    5
   Deflect Missiles                   Charms/Air                   6
   Haste                              Charms                       6
   Discord                            Hexes                        8
 j - a book of the Dragon {god gift}

   Spells                             Type                      Level
   Flight                             Charms/Air                   3
   Cause Fear                         Hexes                        4
   Bolt of Fire                       Conjuration/Fire             6
   Dragon Form                        Transmutation                7
   Dragon's Call                      Summoning                    9
 t - Sif Muna's Catalogue of Calling {god gift}
   (Sif Muna gifted it to you on level 2 of the Lair of Beasts)

   Spells                             Type                      Level
   Summon Butterflies                 Summoning                    1
   Summon Lightning Spire             Summoning/Air                4
   Forceful Dismissal                 Summoning                    6
   *Monstrous Menagerie               Summoning                    6
 u - a book of Dreams

   Spells                             Type                      Level
   Ensorcelled Hibernation            Hexes/Ice                    2
   Flight                             Charms/Air                   3
   Phase Shift                        Translocation                5
   *Shadow Creatures                  Summoning                    5
   Mass Confusion                     Hexes                        6
   Darkness                           Hexes                        7
 C - a book of Callings

   Spells                             Type                      Level
   Summon Small Mammal                Summoning                    1
   Call Imp                           Summoning                    2
   *Call Canine Familiar              Summoning                    3
   Summon Guardian Golem              Hexes/Summoning              4
   Summon Lightning Spire             Summoning/Air                4
   *Summon Ice Beast                  Ice/Summoning                4
 L - Mamosoad's Incunabulum of Fetching Calling
   (You found it in a labyrinth)

   Spells                             Type                      Level
   Summon Small Mammal                Summoning                    1
   Cause Fear                         Hexes                        4
   Summon Mana Viper                  Hexes/Summoning              5
   Summon Demon                       Summoning                    5
   Summon Forest                      Summoning/Translocation      5
Magical staves
 Q - an uncursed staff of summoning (weapon)


   Skills:
 - Level 5.4 Fighting
 - Level 2.1 Dodging
 - Level 3.0 Stealth
 + Level 5.2 Spellcasting
 * Level 13.4 Summonings
 - Level 10.1 Ice Magic
 - Level 2.2 Invocations


You had 2 spell levels left.
You knew the following spells:

 Your Spells              Type           Power        Failure   Level  Hunger
d - Call Canine Familiar  Summ           ######..     1%          3    ##.....
i - Summon Ice Beast      Ice/Summ       ######..     1%          4    ####...
m - Monstrous Menagerie   Summ           ######....   10%         6    #######
s - Shadow Creatures      Summ           N/A          1%          5    #####..


Dungeon Overview and Level Annotations

Branches:
Dungeon (9/15)             Temple (1/1) D:5            Lair (3/8) D:8
    Orc: D:9-12       Swamp: Lair:3-6    Shoals: Lair:3-6     Snake: Lair:3-6
 Spider: Lair:3-6

Altars:
Ashenzari
Cheibriados
Dithmenos
Elyvilon
Fedhas
Kikubaaqudgha
Makhleb
Nemelex Xobeh
Okawaru
Qazlal
Sif Muna
Trog
Vehumet
Xom
Yredelemnul
Zin
The Shining One


Innate Abilities, Weirdness & Mutations

Your natural rate of healing is unusually fast.
You can bottle blood from corpses.
You have razor-sharp teeth.
You have supernaturally acute eyesight.
You can survive without breathing.


Message History

Unknown command.
Casting: Shadow Creatures
Confirm with . or Enter, or press ? or * to list all spells.
You feel a surge of power!
You summon a manticore!
Your wolf bites the white draconian. x2
Your wolf closely misses the white draconian.
The white draconian hits your wolf with a glaive!!
Your wolf dies!
Your wolf's corpse dissolves into shadows!
Casting: Monstrous Menagerie
Confirm with . or Enter, or press ? or * to list all spells.
You feel a surge of power!
You miscast Monstrous Menagerie.
Sif Muna protects you from the effects of your miscast!
* * * LOW MAGIC WARNING * * *
Your wolf bites the white draconian.
Your wolf barely misses the white draconian. x2
Your wolf bites the white draconian.
The white draconian breathes frost at you.
The chilling blast hits you!
You die...

####.%..#.....
####....#######..
###....#### ###
###....### #
###....###
#h...### #h.###
##hd####
##h..@####
##H.....###
####.#...##
#####..## ##..###
###....##
###.......#
###.......###
##........##


You could see a white draconian, a friendly manticore and 3 friendly wolves.

Vanquished Creatures
  An ice statue (IceCv)
  A spiny frog (Lair:1)
  3 wandering mushrooms (D:8)
  A basilisk (Lair:2)
  3 yaks
  A wolf (IceCv)
  A water moccasin (Lair:2)
  Menkaure (D:4)
  4 porcupines
  5 sky beasts
  2 black bears (D:8)
  2 phantoms
  3 crocodiles (Lair:1)
  2 ice beasts
  A centaur (D:5)
  An ogre (D:7)
  5 giant frogs
  Blork the orc (D:5)
  3 scorpions
  2 killer bees (Lair:1)
  2 crimson imps
  3 orc priests
  A giant frog skeleton (D:7)
  A worker ant (D:5)
  2 hounds
  6 iguanas
  A centaur skeleton (D:6)
  4 orc wizards
  Natasha (twice) (D:6)
  An elf skeleton (D:7)
  A sheep (Lair:2)
  A worker ant zombie (D:6)
  11 adders
  2 gnolls (D:8)
  2 shadow imps
  2 giant mites
  3 worms (D:2)
  An adder zombie (D:5)
  An adder skeleton (D:5)
  4 giant geckos
  4 oozes
  16 orcs
  A bat skeleton (D:6)
  6 giant cockroaches
  13 goblins
  10 hobgoblins
  A jackal (D:2)
  8 kobolds
  4 quokkas
  13 bats
  12 giant newts
  A giant spore (D:8)
  An orc skeleton (D:6)
  An orc zombie (D:7)
  12 rats
  2 ballistomycetes (D:8)
199 creatures vanquished.

Vanquished Creatures (collateral kills)
  A minotaur (Lab)
  2 hydras (Lair:2)
  2 black mambas
  3 komodo dragons (Lair:1)
  2 spiny frogs (Lair:2)
  A fire drake (Lair:3)
  A queen bee (Lair:1)
  12 polar bears (IceCv)
  19 yaks
  2 basilisks
  10 wolves (IceCv)
  A hungry ghost (D:7)
  A hippogriff (Lair:2)
  3 water moccasins (Lair:2)
  2 porcupines (Lair:1)
  8 ice beasts
  2 ogres
  A centaur (D:7)
  A crocodile (Lair:3)
  A water moccasin skeleton (D:7)
  15 killer bees (Lair:1)
  A crimson imp (D:5)
  A goliath beetle (D:6)
  A jelly (D:5)
  2 orc wizards
  A hound (Lair:2)
  3 iguanas (Lair:1)
  A worker ant (D:4)
  An orc priest (D:5)
  5 sheep (Lair:2)
  Ijyb (D:4)
  3 adders
  2 gnolls (D:8)
  9 green rats (Lair:2)
  A giant mite (D:5)
  A goliath beetle zombie (D:8)
  An adder skeleton (D:8)
  9 orcs
  A goblin (D:5)
  A jackal (D:2)
  2 kobolds
  A quokka (D:8)
  A bat (D:1)
  2 giant geckos (D:2)
  A rat (D:6)
142 creatures vanquished.

Vanquished Creatures (others)
  A harpy (IceCv)
  30 ice beasts
  3 yaks (IceCv)
  6 wargs
  17 wolves
  A giant frog (Lair:3)
  4 crimson imps
  4 hounds
  5 white imps
  A quokka (Lair:3)
  A rat (D:2)
  A ballistomycete (D:8)
  2 fungi (D:8)
76 creatures vanquished.

Grand Total: 417 creatures vanquished

Notes
Turn   | Place    | Note
--------------------------------------------------------------
     0 | D:1      | PolkaDot, the Vampire Summoner, began the quest for the Orb.
     0 | D:1      | Reached XP level 1. HP: 13/13 MP: 3/3
   123 | D:1      | Reached skill level 1 in Fighting
   329 | D:1      | Reached XP level 2. HP: 18/21 MP: 0/4
   766 | D:2      | Learned a level 2 spell: Call Imp
   934 | D:2      | Found a shadowy altar of Dithmenos.
  1083 | D:2      | Reached XP level 3. HP: 14/27 MP: 0/6
  1655 | D:2      | Reached XP level 4. HP: 26/34 MP: 7/7
  1695 | D:2      | Learned a level 3 spell: Call Canine Familiar
  2550 | D:3      | Reached XP level 5. HP: 36/42 MP: 9/9
  2769 | D:4      | Reached skill level 5 in Summonings
  3123 | D:4      | Noticed Ijyb
  3145 | D:4      | Killed Ijyb
  3314 | D:4      | Noticed Menkaure
  3335 | D:4      | Killed Menkaure
  3335 | D:4      | Reached XP level 6. HP: 7/49 MP: 3/10
  3709 | D:5      | Entered Level 5 of the Dungeon
  3746 | D:5      | Found a staircase to the Ecumenical Temple.
  3762 | Temple   | Entered the Ecumenical Temple
  3943 | Temple   | Became a worshipper of Sif Muna the Loreminder
  4144 | D:5      | Noticed Blork the orc
  4148 | D:5      | Reached skill level 5 in Fighting
  4159 | D:5      | Reached XP level 7. HP: 47/56 MP: 12/12
  4290 | D:5      | Reached skill level 6 in Summonings
  4290 | D:5      | Reached skill level 1 in Invocations
  4308 | D:5      | Killed Blork the orc
  4450 | D:5      | Found an ancient bone altar of Kikubaaqudgha.
  4450 | D:5      | Noticed a human
  4624 | D:6      | Found a snail-covered altar of Cheibriados.
  4766 | D:6      | Reached skill level 7 in Summonings
  4842 | D:6      | Acquired Sif Muna's first power
  4902 | D:6      | Reached XP level 8. HP: 51/63 MP: 14/14
  5025 | D:6      | Noticed Natasha
  5036 | D:6      | Killed Natasha
  5067 | D:6      | Got a polished leather armour
  5082 | D:6      | Identified the +3 leather armour of Inaction {+Inv rElec Str+1} (You found it on level 6 of the Dungeon)
  5091 | D:6      | Learned a level 4 spell: Summon Ice Beast
  5209 | D:6      | Reached skill level 1 in Ice Magic
  5366 | D:6      | Reached skill level 8 in Summonings
  5453 | D:6      | Noticed Natasha
  5455 | D:6      | Killed Natasha
  5736 | D:7      | Acquired Sif Muna's second power
  5890 | D:7      | Reached skill level 9 in Summonings
  5968 | D:7      | HP: 1/63 [orc wizard/magic dart (6)]
  6195 | D:7      | Reached XP level 9. HP: 59/68 MP: 15/15
  6231 | D:7      | Found an iron altar of Okawaru.
  6233 | D:7      | Found a basalt altar of Yredelemnul.
  6440 | D:7      | Found a white marble altar of Elyvilon.
  6440 | D:7      | Found a glowing silver altar of Zin.
  6442 | D:7      | Found a burning altar of Makhleb.
  7006 | D:8      | Reached skill level 10 in Summonings
  7051 | D:8      | Found a staircase to the Lair.
  7070 | D:8      | Reached skill level 5 in Ice Magic
  7238 | D:8      | Acquired Sif Muna's third power
  7269 | D:8      | Found a shimmering altar of Xom.
  7283 | D:8      | Found a deep blue altar of Sif Muna.
  7759 | Lair:1   | Entered Level 1 of the Lair of Beasts
  7765 | Lair:1   | Reached XP level 10. HP: 72/74 MP: 17/17
  7915 | Lair:1   | Noticed a spiny frog
  8001 | Lair:1   | Killed a spiny frog
  8086 | Lair:1   | Noticed a black mamba
  8097 | Lair:1   | Killed a black mamba
  8279 | Lair:1   | Reached skill level 11 in Summonings
  8790 | Lair:1   | Noticed a komodo dragon
  8813 | Lair:1   | Killed a komodo dragon
  8869 | Lair:1   | Noticed a komodo dragon
  8869 | Lair:1   | Noticed a komodo dragon
  8875 | Lair:1   | Killed a komodo dragon
  8880 | Lair:1   | Killed a komodo dragon
  9235 | Lair:2   | Received a gift from Sif Muna
  9236 | Lair:2   | Identified Sif Muna's Catalogue of Calling {god gift} (Sif Muna gifted it to you on level 2 of the Lair of Beasts)
  9313 | Lair:2   | Noticed a four-headed hydra
  9321 | Lair:2   | Killed a four-headed hydra
  9321 | Lair:2   | Reached skill level 10 in Ice Magic
  9429 | Lair:2   | Noticed a black mamba
  9441 | Lair:2   | Killed a black mamba
  9646 | Lair:2   | Learned a level 5 spell: Shadow Creatures
  9677 | Lair:2   | Reached XP level 11. HP: 80/80 MP: 20/20
  9694 | Lair:2   | Reached skill level 12 in Summonings
  9716 | Lair:2   | Noticed a six-headed hydra
  9722 | Lair:2   | Killed a six-headed hydra
 10322 | Lair:3   | Found a labyrinth entrance.
 10327 | Lab      | Entered a labyrinth
 10521 | Lab      | Noticed a minotaur
 10540 | Lab      | Killed a minotaur
 10546 | Lab      | Identified a +7 rod of striking (2/12) (You took it off a minotaur in a labyrinth)
 10553 | Lab      | Identified Mamosoad's Incunabulum of Fetching Calling
 10594 | Lair:3   | Found a frozen archway.
 10677 | IceCv    | Entered an ice cave
 10833 | IceCv    | Noticed an ice statue
 11022 | IceCv    | Learned a level 6 spell: Monstrous Menagerie
 11029 | IceCv    | Killed an ice statue
 11029 | IceCv    | Reached skill level 13 in Summonings
 11203 | IceCv    | Reached skill level 5 in Spellcasting
 11211 | IceCv    | Received a gift from Sif Muna
 11256 | IceCv    | Noticed a white draconian
 11286 | IceCv    | HP: 3/80 [white draconian/chilling blast (25)]
 11491 | IceCv    | Killed from afar by a white draconian

Action                   |  1- 3 |  4- 6 |  7- 9 | 10-12 || total
-------------------------+-------+-------+-------+-------++-------
Melee: Short sword       |    21 |       |       |       ||    21
       Spear             |   118 |   173 |       |       ||   291
       Trident           |       |    84 |       |       ||    84
       Scimitar          |       |     7 |   335 |    79 ||   421
       Staff             |       |       |       |    37 ||    37
 Cast: Summon Small Mamm |    12 |       |       |       ||    12
       Call Imp          |     8 |     8 |    12 |     2 ||    30
       Call Canine Famil |       |     8 |    11 |    24 ||    43
       Summon Ice Beast  |       |       |       |    87 ||    87
       Shadow Creatures  |       |       |       |    24 ||    24
       Monstrous Menager |       |       |       |     2 ||     2
Invok: Channel Energy    |       |       |    24 |   197 ||   221
 Abil: Bottle Blood      |       |       |    24 |    20 ||    44
Evoke: Wand              |       |       |     4 |     5 ||     9
  Use: Potion            |     2 |     6 |    17 |    47 ||    72
       Scroll            |     1 |    13 |     6 |    16 ||    36
 Stab: Sleeping          |    12 |     9 |     6 |     1 ||    28
       Distracted        |       |     3 |     2 |     1 ||     6
  Eat: Corpse            |    14 |    17 |    14 |    20 ||    65
